Map: Emerald City LE

Players

Massa - Winner!

  • Race: Terran Terran
  • Spawn Location: 5:00

qqq - Winner!

  • Race: Protoss Protoss
  • Spawn Location: 5:00

AerialRave

  • Race: Zerg Zerg
  • Spawn Location: 11:00

WarPredator

  • Race: Protoss Protoss
  • Spawn Location: 11:00

VOD

Have the link to the VOD?

Description

Time

  • Played on: June 10, 2020, 2:12 p.m.
  • Length: 9:37
Show
View Real Time Build Order
Export as new Build Order

Massa Terran - Winner!

Build Orders:  

Get SALT Encoding   

  12  0:08  SCV  
  13  0:16  Supply Depot  
  13  0:20  SCV  
  14  0:32  SCV  
  15  0:40  Barracks  
  15  0:45  SCV  
  16  0:55  Refinery  
  16  0:57  SCV  
  17  1:09  SCV  
  18  1:21  SCV  
  19  1:33  SCV  
  19  1:34  Barracks  
  20  1:45  SCV  
  21  1:50  Marine  
  22  1:57  Command Center  
  22  2:01  SCV  
  23  2:16  Supply Depot  
  23  2:27  Barracks  
  23  2:34  Barracks Tech Lab  
  23  2:42  Barracks Tech Lab  
  23  2:44  SCV, Supply Depot  
  24  2:55  Concussive Shells  
  24  2:56  SCV  
  25  3:08  SCV, Supply Depot  
  26  3:20  SCV  
  26  3:24  SCV, Factory  
  28  3:32  SCV  
  29  3:37  SCV  
  30  3:44  SCV  
  31  3:49  SCV  
  31  3:51  Barracks  
  32  3:56  Barracks Reactor, SCV  
  32  3:57  Marauder x2  
  37  4:06  Engineering Bay  
  37  4:11  Engineering Bay  
  37  4:14  Refinery  
  37  4:15  SCV  
  39  4:18  Marauder  
  39  4:19  Orbital Command, Marauder  
  39  4:21  Factory Tech Lab  
  42  4:40  Barracks Tech Lab, Marauder x2  
  46  4:49  Terran Infantry Weapons Level 1  
  46  4:55  Orbital Command  
  46  4:56  SCV  
  47  5:02  Refinery  
  47  5:07  Supply Depot  
  47  5:08  SCV  
  47  5:12  Siege Tank  
  51  5:17  Supply Depot  
  51  5:20  SCV  
  52  5:26  SCV  
  53  5:31  Supply Depot  
  53  5:32  SCV  
  53  5:33  Marauder  
  53  5:34  Marine x4  
  60  5:38  SCV  
  60  5:39  Missile Turret  
  61  5:44  SCV  
  61  5:46  Missile Turret  
  62  5:51  SCV, Missile Turret  
  62  5:52  Terran Infantry Armor Level 1, Marine  
  62  5:55  Supply Depot  
  62  5:56  SCV, Missile Turret  
  65  5:59  Siege Tank  
  68  6:07  Missile Turret  
  68  6:10  Marine x2  
  68  6:11  Marine x3  
  71  6:23  Refinery  
  71  6:31  Siege Tank  
  74  6:33  Stimpack  
  74  6:38  Marauder x2, Marine x2  
  74  6:39  Marauder  
  82  6:40  Missile Turret  
  82  6:43  Supply Depot  
  82  6:55  Combat Shield  
  82  7:00  Missile Turret  
  82  7:14  Siege Tank  
  85  7:21  Armory  
  85  7:25  Supply Depot  
  85  7:32  SCV  
  85  7:33  SCV  
  87  7:44  SCV  
  87  7:45  SCV  
  87  7:46  Siege Tank  
  87  7:47  Supply Depot  
  87  7:48  Marauder, Marine  
  87  7:49  Marauder x2, Marine  
  100  7:53  Command Center  
  100  7:56  SCV  
  100  7:57  SCV  
  102  8:07  Starport  
  102  8:09  SCV x2  
  102  8:10  Supply Depot  
  104  8:21  SCV x2  
  106  8:30  Supply Depot  
  106  8:31  Thor  
  106  8:33  Supply Depot  
  109  9:00  Marauder x3  
  109  9:01  Marine x2  
  110  9:18  Marine  
Show
View Real Time Build Order
Export as new Build Order

qqq Protoss - Winner!

Build Orders: Phoenix Opening 

Get SALT Encoding   

  12  0:01  Probe  
  13  0:16  Pylon  
  13  0:28  Pylon  
  13  0:34  Probe  
  14  0:47  Gateway  
  14  0:53  Pylon  
  14  1:13  Probe  
  15  1:19  Assimilator  
  15  1:21  Probe  
  15  1:22  Assimilator  
  16  1:29  Probe  
  17  1:40  Probe  
  18  1:53  Probe  
  19  1:56  Cybernetics Core  
  19  2:05  Probe  
  20  2:17  Probe  
  21  2:29  Probe  
  22  2:33  Nexus  
  22  2:41  Probe  
  23  2:51  Stargate  
  23  2:56  Stalker  
  25  3:28  Stargate  
  25  3:50  Probe  
  25  3:52  Phoenix  
  28  4:00  Probe, Fleet Beacon  
  29  4:07  Assimilator  
  29  4:08  Probe  
  29  4:16  Probe  
  30  4:17  Phoenix  
  33  4:28  Probe  
  34  4:40  Phoenix  
  34  4:41  Probe  
  37  4:53  Probe  
  37  4:55  Assimilator  
  38  5:02  Protoss Air Weapons Level 1  
  38  5:05  Probe, Anion Pulse-Crystals  
  39  5:17  Probe  
  40  5:21  Phoenix  
  42  5:29  Probe, Phoenix  
  45  5:41  Probe  
  46  5:46  Phoenix  
  48  5:53  Probe  
  48  5:54  Phoenix  
  51  6:00  Pylon  
  51  6:04  Pylon  
  51  6:05  Probe  
  51  6:07  Pylon  
  52  6:11  Phoenix  
  54  6:18  Probe  
  55  6:30  Probe  
  54  6:41  Phoenix  
  54  6:42  Phoenix  
  58  7:06  Phoenix x2  
  62  7:19  Probe  
  63  7:31  Probe, Phoenix x2  
  68  7:41  Nexus  
  68  7:44  Probe  
  69  7:56  Probe, Phoenix x2  
  70  8:08  Probe  
  71  8:20  Probe  
  71  8:21  Phoenix x2  
  76  8:32  Probe  
  77  8:44  Probe  
  78  8:49  Phoenix  
  78  8:50  Phoenix  
Show
View Real Time Build Order
Export as new Build Order

AerialRave Zerg 

Build Orders: Hatch First 

Get SALT Encoding   

  12  0:02  Drone  
  13  0:13  Overlord  
  13  0:16  Drone  
  14  0:31  Drone x2  
  16  0:52  Hatchery  
  16  0:54  Drone  
  16  1:04  Extractor  
  16  1:10  Spawning Pool  
  14  1:13  Drone  
  15  1:18  Drone  
  15  1:23  Drone  
  17  1:28  Extractor  
  17  1:30  Drone  
  17  1:35  Drone  
  18  1:47  Drone  
  19  2:02  Lair  
  19  2:04  Queen  
  19  2:06  Drone  
  22  2:11  Drone  
  22  2:13  Zergling x2  
  24  2:20  Drone  
  24  2:21  Drone  
  26  2:28  Metabolic Boost  
  26  2:35  Overlord  
  26  2:39  Drone  
  26  2:41  Drone  
  28  2:53  Drone  
  28  2:55  Drone x2  
  31  2:58  Drone  
  32  3:11  Drone  
  33  3:13  Drone x2, Overlord  
  35  3:22  Zergling x2  
  35  3:24  Overlord  
  36  3:35  Spine Crawler  
  36  3:36  Drone x2  
  37  3:47  Spire  
  37  3:48  Drone x3  
  39  3:52  Spore Crawler  
  39  3:53  Drone x2  
  40  3:56  Extractor  
  40  3:57  Extractor  
  38  4:06  Drone  
  38  4:07  Drone  
  40  4:16  Drone  
  41  4:18  Drone  
  42  4:25  Overlord  
  42  4:28  Drone x3  
  45  4:38  Overlord  
  45  4:46  Queen  
  47  5:00  Mutalisk x4  
  47  5:01  Mutalisk x4  
  63  5:19  Mutalisk x2  
  63  5:21  Overlord  
  67  5:25  Hatchery  
  66  5:32  Spore Crawler  
  65  5:40  Corruptor x2  
  69  5:49  Drone x2  
  71  5:54  Drone x2  
  71  5:55  Overlord  
  73  6:14  Corruptor x3  
  59  6:28  Corruptor  
  59  6:29  Corruptor  
  63  6:38  Zergling x12  
  67  6:44  Extractor  
  67  6:47  Extractor  
  65  6:51  Evolution Chamber  
  64  6:54  Mutalisk x3  
  68  7:01  Drone x3  
  69  7:14  Queen  
  71  7:19  Drone, Spore Crawler  
  70  7:32  Spore Crawler x2  
  70  7:33  Drone  
  69  7:43  Mutalisk x2  
  73  7:44  Overlord x2  
  73  8:02  Overlord x2  
  73  8:07  Hydralisk Den  
  72  8:16  Drone  
  72  8:17  Drone x2  
  75  8:29  Spire  
  72  8:36  Mutalisk x2, Corruptor x2  
  72  8:38  Zergling x8  
  72  8:39  Zergling x2  
  78  8:54  Hydralisk x2  
Show
View Real Time Build Order
Export as new Build Order

WarPredator Protoss 

Build Orders:  

Get SALT Encoding   

  12  0:01  Probe  
  13  0:13  Probe  
  14  0:21  Pylon  
  14  0:25  Probe  
  15  0:39  Probe  
  15  0:41  Gateway  
  16  0:50  Assimilator  
  16  0:55  Probe  
  17  1:08  Probe  
  18  1:20  Probe  
  19  1:25  Gateway  
  19  1:29  Cybernetics Core  
  19  1:32  Probe  
  20  1:38  Assimilator  
  20  1:44  Probe  
  21  1:56  Probe  
  22  2:07  Warp Gate  
  22  2:22  Pylon x2  
  22  2:23  Adept  
  22  2:26  Robotics Facility  
  23  2:40  Adept  
  25  3:00  Adept  
  27  3:23  Nexus  
  27  3:28  Pylon  
  27  3:50  Observer  
  27  3:55  Pylon  
  28  3:57  Adept  
  28  3:58  Adept  
  32  4:04  Probe  
  33  4:10  Gateway  
  33  4:12  Robotics Facility  
  33  4:16  Probe  
  34  4:25  Pylon, Stalker x2  
  38  4:31  Probe  
  39  4:40  Probe  
  39  4:45  Probe, Assimilator  
  41  4:52  Probe  
  42  4:57  Probe  
  43  5:00  Pylon  
  43  5:04  Probe  
  44  5:15  Probe  
  44  5:19  Gateway  
  45  5:22  Probe, Robotics Bay  
  45  5:27  Probe  
  47  5:40  Immortal  
  51  5:45  Immortal  
  55  5:54  Probe x2  
  55  5:56  Assimilator  
  57  6:00  Twilight Council  
  57  6:06  Forge  
  57  6:26  Stalker x3  
  57  6:27  Stalker  
  65  6:44  Probe x2  
  67  6:50  Photon Cannon  
  67  6:52  Photon Cannon  
  67  6:56  Probe x2  
  67  6:57  Shield Battery  
  69  7:01  Protoss Ground Weapons Level 1  
  69  7:05  Photon Cannon  
  69  7:15  Probe x2  
  71  7:18  Templar Archives  
  71  7:19  Blink  
  71  7:27  Probe x2  
  73  7:34  Observer x2  
  73  7:36  Stalker x2  
  74  7:53  Psionic Storm  
  74  7:58  Stalker x2  
  74  8:14  Probe x2  
  76  8:23  Stalker  
  76  8:25  Stalker  
  80  8:27  Nexus  
  80  8:29  Pylon  
  80  8:33  Pylon  
  80  8:38  High Templar x2  
  84  8:45  Archon  
  80  9:00  Zealot x2  
  52  9:26  High Templar x2  
  52  9:27  High Templar x2  
Tags
 
Add a new tag
Caveats
  • Supply blocks, unpowered buildings, or Contaminate may cause inaccurate times.
  • Supply counts are checked every 10 seconds.